 Dungeon Crawl Stone Soup version 0.30.1-11-g7821555f0a (webtiles) character file.

Game seed: 4395020378984899986

35 KittyFluff the Trooper (level 3, 0/34 HPs)
             Began as a Gargoyle Berserker on Nov 10, 2023.
             Was a Follower of Trog.
             Slain by a goblin
             ... wielding a +0 club
             ... led by Robin
              (1 damage)
             ... on level 2 of the Dungeon.
             The game lasted 00:03:41 (1132 turns).

KittyFluff the Trooper (Gargoyle Berserker)         Turns: 1132, Time: 00:03:42

Health: 0/34       AC:  6    Str: 22    XL:     3   Next: 35%
Magic:  3/3        EV: 11    Int:  7    God:    Trog [*.....]
Gold:   28         SH:  0    Dex:  9    Spells: 2/2 levels left

rFire   . . .        a - +0 mace
rCold   . . .        (no shield)
rNeg    + . .        h - +0 leather armour
rPois   ∞            (no helmet)
rElec   +            (no cloak)
rCorr   .            (no gloves)
SInv    .            (no boots)
Will    .....        (no amulet) Stlth
                     (no ring)
HPRegen 0.25/turn    (no ring)
MPRegen 0.08/turn

%: no passive effects
@: berserking, very quick
A: sickness immunity, AC +3, negative energy resistance 1, electricity
resistance, torment resistance 1, petrification resistance
a: Renounce Religion, Berserk


You were on level 2 of the Dungeon.
You worshipped Trog.
Trog was aware of your devotion.
You visited 1 branch of the dungeon, and saw 2 of its levels.

You collected 28 gold pieces.

Inventory:

Hand Weapons
 a - a +0 mace (weapon)
Missiles
 e - 6 boomerangs (quivered)
Armour
 h - a +0 leather armour (worn)
Scrolls
 b - a scroll of fog {unknown}
 c - a scroll of amnesia {unknown}
 i - a scroll of identify {unknown}
 k - 2 scrolls of fear {unknown}
Potions
 d - 3 potions of berserk rage {unknown}
 f - 2 potions of mutation {unknown}
 g - 2 potions of lignification {unknown}
 j - a potion of flight {unknown}


   Skills:
 + Level 3.5 Fighting
 * Level 3.4 Maces & Flails
 * Level 2.8 Armour
 + Level 1.8 Dodging
 + Level 1.0 Stealth


You had 2 spell levels left.
You didn't know any spells.
Your spell library was empty.

Dungeon Overview and Level Annotations

Branches:
Dungeon (2/15)

Altars:

Annotations:
D:2 Robin


Innate Abilities, Weirdness & Mutations

You are immune to sickness and miasma.
Your stone body is resilient. (AC +3)
You are immune to poison.
You resist negative energy. (rN+)
You are resistant to electric shocks. (rElec)
You are resistant to unholy torment.
You are immune to petrification.


Message History

You hit the goblin.
You kill the goblin!
Trog accepts your kill. The hobgoblin hits you.
Your Stealth skill increases to level 1!
You sock the hobgoblin!
You kill the hobgoblin!
Trog accepts your kill. Robin throws the goblin at you!
The goblin barely misses you.
You closely miss the goblin. The goblin hits you with a +0 dagger.
The goblin hits you but does no damage. The goblin hits you with a +0 dagger.
* * * LOW HITPOINT WARNING * * *
The goblin barely misses you.
A red film seems to cover your vision as you go berserk!
You feel yourself moving faster!
You feel mighty! The goblin hits you with a +0 dagger.
* * * LOW HITPOINT WARNING * * *
The goblin hits you with a +0 dagger.
* * * LOW HITPOINT WARNING * * *
You barely miss the goblin. You sock the goblin!
You kill the goblin!
Trog accepts your kill. The goblin hits you but does no damage.
You thump the goblin!
You kill the goblin!
Trog accepts your kill. Robin throws the goblin at you!
The goblin barely misses you. Robin hits you but does no damage.
Things that are here:
a +0 dagger; a +0 club; a hobgoblin corpse You barely miss Robin.
You closely miss Robin. Robin hits you but does no damage.
The goblin barely misses you.
You thump Robin!
Robin is severely wounded.
Robin hits you with a +0 dagger.
* * * LOW HITPOINT WARNING * * *
The goblin hits you with a +0 club.
You die...

#.# #.##.#
#.#.# #
#.##.# #.#
#.##.# #.#
#.##.# #.#
#.##.# #.#
#.##.######.#
#)#.........#
#g###########
#@# #g# #.#
#.# #.# #.#
#.# #.# #.#


You could see Robin and a goblin (strong).

Vanquished Creatures
  A dart slug (D:1)
  3 ball pythons (D:1)
  3 bats (D:1)
  2 endoplasms
  A giant cockroach (D:1)
  10 goblins
  3 hobgoblins
  2 frilled lizards (D:1)
  A kobold (D:1)
  3 rats (D:1)
29 creatures vanquished.

Notes
Turn   | Place    | Note
-------+----------+-------------------------------------------
     0 | D:1      | KittyFluff the Gargoyle Berserker began the quest for the
                  | Orb.
     0 | D:1      | Reached XP level 1. HP: 14/14 MP: 1/1
   212 | D:1      | Reached XP level 2. HP: 7/19 MP: 2/2
   774 | D:1      | Reached XP level 3. HP: 21/23 MP: 3/3
  1109 | D:2      | Noticed Robin
  1123 | D:2      | Reached skill level 1 in Stealth
  1125 | D:2      | HP: 1/34 [goblin/+0 dagger[Robin] (1)]
  1132 | D:2      | HP: 1/34 [Robin/+0 dagger (1)]
  1132 | D:2      | Slain by a goblin

Illustrated notes

Levels and vault maps discovered:
D:1:      evilmike_arrival_plus, layout_loops_corners
D:2:      layout_basic, nrook_loot_triangle, uniq_robin

Skill      XL: |  1  2  3 |
---------------+----------+-----
Stealth        | 1 |  1.0
Fighting       | |  3.5
Maces & Flails | |  3.4
Armour         | |  2.8
Dodging        | |  1.8

Action                     || total
---------------------------++-------
  Melee: Mace              ||    92
 Invoke: Berserk           ||     1
   Stab: Sleeping          ||     2
 Armour: Animal skin       ||    13
         Leather armour    ||    20
  Dodge: Dodged            ||    52
